 Dungeon Crawl Stone Soup version 0.22-b1-21-g5cfc168 (webtiles) character file.

175 Lew the Chopper (level 5, 0/41 HPs)
             Began as a Demonspawn Gladiator on Aug 6, 2018.
             Was a Follower of Qazlal.
             Succumbed to a worker ant's poison
             ... on level 4 of the Dungeon.
             The game lasted 00:23:56 (2793 turns).

Lew the Chopper (Demonspawn Gladiator)              Turns: 2793, Time: 00:23:56

Health: 0/41       AC:  6    Str: 15      XL:     5   Next: 29%
Magic:  5/5        EV: 12    Int:  8 (10) God:    Qazlal [*.....]
Gold:   91         SH:  1    Dex: 13 (14) Spells: 4/4 levels left

rFire    . . .     SeeInvis .   a - +0 war axe
rCold    . . .     Gourm    .   (no shield)
rNeg     . . .     Faith    .   b - +0 ring mail
rPois    .         Spirit   .   c - +0 helmet
rElec    .         Reflect  .   (no cloak)
rCorr    .         Harm     .   (no gloves)
MR       .....                  (no boots)
Stlth    +.........             (no amulet)
HPRegen  0.13/turn              l - ring of flight
MPRegen  0.09/turn              h - ring of wizardry

@: lethally poisoned (0 -> -2)
A: claws 1, hooves 1
a: Renounce Religion, Evoke Flight


You were on level 4 of the Dungeon.
You worshipped Qazlal.
Qazlal was aware of your devotion.
You were very full.

You visited 1 branch of the dungeon, and saw 4 of its levels.

You collected 91 gold pieces.

Inventory:

Hand Weapons
 a - a +0 war axe (weapon)
 k - a +0 hand axe
 o - a +0 trident
Missiles
 d - 3 throwing nets (quivered)
Armour
 b - a +0 ring mail (worn)
 c - a +0 helmet (worn)
Jewellery
 h - a ring of wizardry (right claw)
 l - a ring of flight (left claw)
Scrolls
 e - 2 scrolls of identify
 g - a scroll of noise
 j - a scroll of amnesia
Comestibles
 f - 3 rations


   Skills:
 * Level 3.4 Fighting
 + Level 3.5 Axes
 - Level 1.9 Throwing
 - Level 0.8 Armour
 + Level 3.5 Dodging
 + Level 1.6 Stealth


You had 4 spell levels left.
You didn't know any spells.
Your spell library was empty.

Dungeon Overview and Level Annotations

Branches:
Dungeon (4/15)
 Temple: D:4-7

Altars:
Ashenzari
Qazlal
Uskayaw
Vehumet


Innate Abilities, Weirdness & Mutations

You have sharp fingernails.
You have large cloven feet.


Message History

You eat one of the 5 rations.
That ration really hit the spot!
* * * LOW HITPOINT WARNING * * *
You feel sick.
* * * LOW HITPOINT WARNING * * *
You feel sick.
* * * LOW HITPOINT WARNING * * *
You feel sick.
* * * LOW HITPOINT WARNING * * *
You feel sick.
You see here a shiny emerald ring.
l - a shiny emerald ring
l - a ring of flight (left claw)
h - a ring of wizardry (right claw)
You eat one of the 4 rations.
That ration really hit the spot!
* * * LOW HITPOINT WARNING * * *
You feel sick.
As you read the scroll of teleportation, it crumbles to dust.
You feel strangely unstable.
Your surroundings suddenly seem different.
You die...

#. #. #. ###.
###...####
.........###
###.##...(.#
#.##.###.########
#....# #......@.#
#..#.###.########
#........#
##<#.###.#
#####...# ###.#
#.# #.# ##.# #.


There were no monsters in sight!

Vanquished Creatures
  A worker ant (D:4)
  A gnoll (D:1)
  4 adders
  2 oozes
  A worm (D:3)
  A dart slug (D:3)
  A leopard gecko (D:2)
  6 orcs (D:3)
  12 bats
  5 giant cockroaches
  6 goblins
  8 hobgoblins
  13 jackals
  5 frilled lizards
  10 kobolds
  4 rats
80 creatures vanquished.

Notes
Turn   | Place    | Note
-------+----------+-------------------------------------------
     0 | D:1      | Lew the Demonspawn Gladiator began the quest for the Orb.
     0 | D:1      | Reached XP level 1. HP: 16/16 MP: 1/1
   143 | D:1      | Gained mutation: You have large cloven feet. [demonic ancestry]
   143 | D:1      | Reached XP level 2. HP: 19/22 MP: 2/2
   263 | D:1      | Gained mutation: You have sharp fingernails. [demonic ancestry]
   263 | D:1      | Reached XP level 3. HP: 27/27 MP: 3/3
   773 | D:2      | Found a radiant altar of Vehumet.
   805 | D:2      | Found a shattered altar of Ashenzari.
   957 | D:2      | Reached XP level 4. HP: 23/34 MP: 4/4
   958 | D:2      | Found a hide-covered altar of Uskayaw.
   958 | D:2      | Noticed a hand axe
   958 | D:2      | Noticed a hand axe
  1460 | D:2      | You fall through a shaft!
  1477 | D:3      | Reached skill level 1 in Stealth
  1741 | D:3      | Found a stormy altar of Qazlal.
  1749 | D:3      | Became a worshipper of Qazlal Stormbringer
  2383 | D:3      | Reached XP level 5. HP: 41/41 MP: 5/5
  2763 | D:4      | Reached * piety under Qazlal
  2782 | D:4      | HP: 2/41 [poisoned by a worker ant]
  2789 | D:4      | HP: 1/41 [poisoned by a worker ant]
  2793 | D:4      | Succumbed to a worker ant's poison

Skill      XL: |  1  2  3  4 |
---------------+-------------+-----
Dodging        | 3 |  3.5
Axes           | 3 |  3.5
Stealth        | 1 |  1.6
Fighting       | 3 |  3.4
Throwing       | |  1.9
Armour         | |  0.8

Action                   |  1- 3 |  4- 6 || total
-------------------------+-------+-------++-------
Melee: War axe           |   102 |   133 ||   235
       Kick              |    21 |    32 ||    53
  Use: Scroll            |       |     7 ||     7
       Potion            |       |     6 ||     6
  Eat: Ration            |       |     4 ||     4
Armor: Leather armour    |     3 |       ||     3
       Ring mail         |    50 |    59 ||   109
Dodge: Dodged            |    92 |   102 ||   194
